 Dungeon Crawl Stone Soup version 0.32-a0-612-g1c984fe (webtiles) character file.

Game seed: 2617002081084606738

463 DoomDiver the Changeling (level 6, -4/52 HPs)
             Began as a Minotaur Berserker on Mar 4, 2024.
             Was a Priest of Trog.
             Slain by a gnoll
             ... wielding a +0 halberd
             ... led by a gnoll sergeant
              (11 damage)
             ... on level 5 of the Dungeon.
             The game lasted 00:04:19 (3449 turns).

DoomDiver the Changeling (Minotaur Berserker)       Turns: 3449, Time: 00:04:19

Health: -4/52      AC:  2    Str: 30    XL:     6   Next: 79%
Magic:  5/5        EV: 12    Int:  4    God:    Trog [***...]
Gold:   205        SH:  0    Dex: 11    Spells: 5/5 levels left

rFire   . . .        a - +8 mace of Teahufiz {flame, Str+2 Stlth+}
rCold   . . .        (no shield)
rNeg    . . .        k - +0 animal skin
rPois   .            (helmet restricted)
rElec   .            (no cloak)
rCorr   .            (no gloves)
SInv    .            (no boots)
Will    .....        (no amulet)
Stlth   ++           n - +6 ring of strength
HPRegen 0.28/turn    (no ring)
MPRegen 0.09/turn

%: no passive effects
@: lethally poisoned (-4 -> -13)
A: horns 2, retaliatory headbutt
a: Renounce Religion, Berserk, Trog's Hand


You were on level 5 of the Dungeon.
You worshipped Trog.
Trog was most pleased with you.
You visited 2 branches of the dungeon, and saw 6 of its levels.

You collected 205 gold pieces.

Inventory:

Hand Weapons
 a - the +8 mace of Teahufiz (weapon) {flame, Str+2 Stlth+}
   (You found it on level 3 of the Dungeon)

   Str+2:     It affects your strength (+2).
   Stlth+:    It makes you more stealthy.
 v - the +0 falchion of the Hills {elec, rN++ Str+4}
   (You found it on level 5 of the Dungeon)

   Str+4:     It affects your strength (+4).
   rN++:      It greatly protects you from negative energy.
Armour
 k - a +0 animal skin (worn)
 r - a +0 pair of gloves
Jewellery
 n - a +6 ring of strength (left hand)
 w - a ring of flight
Talismans
 b - a flux talisman
Wands
 u - a wand of roots (10)
Scrolls
 c - 2 scrolls of poison {unknown}
 e - 3 scrolls of identify {unknown}
 f - a scroll of torment {unknown}
 i - a scroll of amnesia {unknown}
 l - a scroll of teleportation {unknown}
 o - a scroll of fear {unknown}
 q - 2 scrolls of brand weapon {unknown}
Potions
 d - a potion of heal wounds {unknown}
 g - 2 potions of curing {unknown}
 h - a potion of attraction {unknown}
 j - a potion of haste {unknown}
 m - 3 potions of berserk rage {unknown}
 p - a potion of mutation {unknown}
 s - a potion of brilliance {unknown}
 t - a potion of cancellation {unknown}


   Skills:
 - Level 3.7 Fighting
 - Level 2.4 Armour
 - Level 2.1 Dodging
 - Level 3.2 Unarmed Combat
 * Level 5.2 Shapeshifting


You had 5 spell levels left.
You didn't know any spells.
Your spell library contained the following spells:

 Spells                   Type           Power      Damage    Failure   Level
 Apportation              Tloc           0%         N/A       50%         1
 Necrotise                Necr           0%         1d4       50%         1
 Slow                     Hex            0%         N/A       50%         1
 Sting                    Conj/Alch      0%         1d3       50%         1
 Summon Small Mammal      Summ           0%         N/A       50%         1
 Confusing Touch          Hex            0%         N/A       86%         3
 Sigil of Binding         Hex            0%         N/A       86%         3
 Vampiric Draining        Necr           0%         2d6       86%         3


Dungeon Overview and Level Annotations

Branches:
Dungeon (5/15) Zot: 26343  Temple (1/1) D:5 Zot: 5998

Altars:
Ashenzari
Cheibriados
Dithmenos
Elyvilon
Fedhas
Gozag
Hepliaklqana
Kikubaaqudgha
Makhleb
Nemelex Xobeh
Okawaru
Qazlal
Ru
Sif Muna
Trog
Uskayaw
Vehumet
Wu Jian
Xom
Yredelemnul
The Shining One


Innate Abilities, Weirdness & Mutations

You have a pair of horns on your head.
You reflexively headbutt those who attack you in melee.


Message History

The gnoll closely misses you.
You barely miss the gnoll.
The gnoll is almost dead.
The gnoll hits you with a +0 whip. The gnoll closely misses you.
You take 5 HP, and have [44/52] HP The gnoll shouts!
You sock the gnoll! You burn the gnoll.
You kill the gnoll!
Trog accepts your kill. The gnoll hits you but does no damage.
Things that are here:
a +0 whip; a +0 flail; a gnoll corpse The gnoll hits you with a +0 halberd!
You take 10 HP, and have [35/52] HP You barely miss the gnoll.
Your headbutt misses the gnoll. The gnoll closely misses you.
The gnoll hits you with a +0 halberd!
You take 9 HP, and have [26/52] HP You barely miss the gnoll.
You headbutt the gnoll, but do no damage.
The gnoll hits you with a +0 halberd.
You take 3 HP, and have [23/52] HP You sock the gnoll!
You burn the gnoll.
The gnoll is almost dead.
The gnoll barely misses you. The scorpion stings you.
You take 5 HP, and have [18/52] HP The gnoll hits you from afar with a +0 halberd.
* * * LOW HITPOINT WARNING * * *
The scorpion stings you.
* * * LOW HITPOINT WARNING * * *
You are lethally poisoned!
The scorpion poisons you!
Things that are here:
a +0 whip; a +0 flail; a gnoll corpse; You take 6 HP, and have [12/52] HP You bludgeon the scorpion!!
You burn the scorpion.
You kill the scorpion!
Trog accepts your kill.
* * * LOW HITPOINT WARNING * * *
You feel very sick.
The gnoll hits you from afar with a +0 halberd!
You die...

# ##### ##.# #.... .#.# ....
... ..###.###########
#.#>............#
#.#####.#..######.....#
#.............)@.g....# .
########.#...#####†###.#####.g.
.........#.#...#.....#.#.B.."gg
...(.....#.###.......'.........
######...#.# ###.....#.#.###...
#...#.# ##.....#.#.# #...#.#
#......#.#.#
#...#.####.######.#+#
#)..#......#.. ...


You could see a gnoll.

Vanquished Creatures
  A gnoll sergeant (D:5)
  A scorpion (D:5)
  A bombardier beetle (D:5)
  An orc priest (D:5)
  2 hounds (D:5)
  2 iguanas (D:4)
  An orc wizard (D:5)
  A sleepcap (D:4)
  2 gnolls (D:5)
  6 adders
  2 ufetubi (D:3)
  3 dart slugs
  7 orcs
  3 ball pythons
  8 bats
  5 endoplasms
  5 giant cockroaches
  7 goblins
  7 hobgoblins
  6 kobolds
  4 quokkas
  2 frilled lizards
  6 rats
83 creatures vanquished.

Vanquished Creatures (others)
  An orc wizard (D:5)
1 creature vanquished.

Grand Total: 84 creatures vanquished

Notes
Turn   | Place    | Note
-------+----------+-------------------------------------------
     0 | D:1      | DoomDiver the Minotaur Berserker began the quest for the
                  | Orb.
     0 | D:1      | Reached XP level 1. HP: 19/19 MP: 0/0
   136 | D:1      | Reached skill level 1 in Shapeshifting
   156 | D:1      | Reached XP level 2. HP: 27/27 MP: 1/1
   394 | D:1      | Reached ** piety under Trog
   438 | D:1      | Reached XP level 3. HP: 22/33 MP: 2/2
   738 | D:2      | Reached skill level 2 in Shapeshifting
   991 | D:2      | Found a faded altar of an unknown god.
  1329 | D:3      | Identified the +8 mace of Teahufiz {flame, Str+2 Stlth+}
  1564 | D:3      | Reached XP level 4. HP: 40/40 MP: 3/3
  1961 | D:4      | Reached skill level 3 in Shapeshifting
  1967 | D:4      | Reached *** piety under Trog
  2242 | D:4      | Reached XP level 5. HP: 23/46 MP: 4/4
  2804 | D:5      | Entered Level 5 of the Dungeon
  2823 | D:5      | Found a staircase to the Ecumenical Temple.
  2865 | D:5      | Reached skill level 4 in Shapeshifting
  2871 | Temple   | Entered the Ecumenical Temple
  3117 | D:5      | Reached XP level 6. HP: 48/52 MP: 5/5
  3291 | D:5      | Identified the +0 falchion of the Hills {elec, rN++ Str+4}
  3437 | D:5      | Reached skill level 5 in Shapeshifting
  3449 | D:5      | Slain by a gnoll

Illustrated notes

Levels and vault maps discovered:
D:1:      zelgadis_glass_arrival_small, layout_basic, minmay_door_square,
          chequers_serial_rivers_micro_a
D:2:      layout_rooms, hellmonk_ecumenical_altar_leap_of_faith, minmay_tall_x
D:3:      layout_basic, chequers_serial_rivers_micro_b, minivault_4,
          kennysheep_big_empty_room
D:4:      layout_layer_cave, nicolae_elevator_lobby_plus
D:5:      layout_basic, minmay_temple_entry_slanted
Temple:   grunt_wide_crystal_templ

Skill      XL: |  1  2  3  4  5  6 |
---------------+-------------------+-----
Shapeshifting  | 1 2 3 4 5 |  5.2
Fighting       | |  3.7
Armour         | |  2.4
Dodging        | |  2.1
Unarmed Combat | |  3.2

Action                     |  1- 3 |  4- 6 || total
---------------------------+-------+-------++-------
  Melee: Unarmed           |    92 |       ||    92
         Headbutt          |    10 |     9 ||    19
         Mace              |     4 |    62 ||    66
         Punch             |     3 |       ||     3
   Stab: Sleeping          |       |     3 ||     3
 Armour: Animal skin       |    54 |    38 ||    92
  Dodge: Dodged            |    76 |    42 ||   118

Table legend: (Time is in decaauts)
 A = Elapsed time spent in this place.
 B = Non-inter-level travel time spent in this place.
 C = Inter-level travel time spent in this place.
 D = Time resting spent in this place.
 E = Time spent auto-exploring this place.
 F = Levels seen in this place.
 G = Mean time per level.
                   A        B        C        D        E       F      G
               +--------+--------+--------+--------+--------+-----+--------+
         Total |   3469 |   3268 |    201 |    377 |   2362 |   6 |  578.2 |
       Dungeon |   3467 |   3266 |    201 |    377 |   2362 |   5 |  693.4 |
        Temple |      1 |      1 |      0 |      0 |      0 |   1 |    1.0 |
               +--------+--------+--------+--------+--------+-----+--------+

Top non-repeatable levels by time:
     D:4: 877 daAuts
     D:3: 840 daAuts
     D:1: 728 daAuts
     D:5: 655 daAuts
     D:2: 365 daAuts
  Temple: 1 daAuts
